 Dungeon Crawl Stone Soup version 0.31.0-9-g3a7656b989 (webtiles) character file.

Game seed: 6086050229230399977

273 qw the Skirmisher (level 6, -3/38 HPs)
             Began as a Deep Elf Hunter on Feb 2, 2024.
             Slain by a ribbon worm (5 damage)
             ... on level 3 of the Dungeon.
             The game lasted 00:00:05 (1086 turns).

qw the Skirmisher (Deep Elf Hunter)                 Turns: 1086, Time: 00:00:05

Health: -3/38      AC:  7    Str: 11    XL:     6   Next: 3%
Magic:  8/8        EV: 11    Int: 17    God:
Gold:   77         SH:  0    Dex: 18    Spells: 5/5 levels left

rFire   . . .        a - +0 shortbow
rCold   . . .        (shield currently unavailable)
rNeg    . . .        d - +0 ring mail
rPois   +            g - +1 helmet
rElec   .            (no cloak)
rCorr   .            (no gloves)
SInv    .            (no boots)
Will    .....        (no amulet)
Stlth   +            (no ring)
HPRegen 0.26/turn    (no ring)
MPRegen 0.11/turn

%: no passive effects
@: no status effects
A: clever 1, poison resistance, robust 1, strong 1
a: no special abilities


You were on level 3 of the Dungeon.
You visited 1 branch of the dungeon, and saw 3 of its levels.

You collected 122 gold pieces.
You spent 45 gold pieces at shops.


Innate Abilities, Weirdness & Mutations

Your mind is acute. (Int +4, Str/Dex -1)
Your system is resistant to poisons. (rPois)
You are robust. (+10% HP)
Your muscles are strong. (Str +4, Int/Dex -1)


   Skills:
 - Level 2.1 Fighting
 - Level 9.2 Ranged Weapons
 + Level 2.7 Dodging
 - Level 1.2 Stealth


You had 5 spell levels left.
You didn't know any spells.
Your spell library was empty.

Inventory:

Hand Weapons
 a - a +0 shortbow (weapon)
Armour
 d - a +0 ring mail (worn)
 g - a +1 helmet (worn)
Scrolls
 c - a scroll of noise {unknown}
Potions
 b - a potion of enlightenment {unknown}
 e - a potion of attraction {unknown}
 i - a potion of might {unknown}
 j - a potion of invisibility {unknown}

Dungeon Overview and Level Annotations

Branches:
Dungeon (3/15)

Altars:
Zin

Shops:
D:1 *


Message History

Robin roars a battlecry!
The goblins go into a battle-frenzy!
You shoot an arrow. The arrow barely misses Robin.
The goblin hits you but does no damage. The hobgoblin hits you.
The goblin hits you with a +0 club. Robin closely misses you.
You shoot an arrow. The arrow hits Robin.
Robin is severely wounded.
The hobgoblin barely misses you. The goblin hits you but does no damage.
The goblin hits you with a +0 club. The ribbon worm barely misses you.
You shoot an arrow. The arrow hits Robin.
You kill Robin!
The goblin barely misses you. The hobgoblin hits you.
The goblin closely misses you. The ribbon worm bites you.
You have reached level 6!
You shoot an arrow.
The arrow hits the ribbon worm but does no damage.
The goblin hits you with a +0 club.
The hobgoblin hits you but does no damage.
The goblin hits you but does no damage. The ribbon worm bites you.
You shoot an arrow.
The arrow hits the ribbon worm but does no damage.
The goblin hits you with a +0 club. The hobgoblin misses you.
The goblin misses you. The goblin hits you with a +0 club.
The goblin barely misses you. The hobgoblin completely misses you.
The ribbon worm barely misses you.
You shoot an arrow. The arrow hits the ribbon worm.
The ribbon worm is lightly wounded.
The goblin barely misses you. x2; The hobgoblin barely misses you.
You shoot an arrow. The arrow hits the ribbon worm!
The ribbon worm is heavily wounded.
The giant cockroach waves its antennae.
The ribbon worm expels a string of sticky webbing.
The stream of webbing hits you but does no damage.
You are caught in a web!
The goblin hits you but does no damage. x2
You struggle to detach yourself from the web.
The ribbon worm bites you.
The goblin hits you but does no damage. x2
The hobgoblin barely misses you.
The web tears apart.
The ribbon worm bites you.
You die...

##...# #...##### .##
##.(.)..## .!#
#.......## #.#
##.##....###.#
#.###.#..|..## . #.#
#........## ).. #.#
######..wg##B....
..#####.....g@ggg....
.###....###.#g##.....
.....<#### #.#.# ....
#.### #.#.# . #.#.#
#.#.## #.#..##..
#........ #........##


You could see a ribbon worm, a giant cockroach, 2 hobgoblins and 4 goblins.

Vanquished Creatures
  Sigmund (D:3)
  A bombardier beetle (D:3)
  Jessica (D:2)
  Robin (D:3)
  An adder (D:2)
  A ribbon worm (D:2)
  2 bats
  3 endoplasms
  A giant cockroach (D:2)
  7 goblins
  2 hobgoblins
  6 jackals
  A quokka (D:2)
  2 ball pythons (D:2)
  A frilled lizard (D:2)
  2 kobolds (D:1)
  A rat (D:3)
34 creatures vanquished.

Notes
Turn   | Place    | Note
-------+----------+-------------------------------------------
     0 | D:1      | qw the Deep Elf Hunter began the quest for the Orb.
     0 | D:1      | Reached XP level 1. HP: 12/12 MP: 3/3
     0 | D:1      | 0 ||| qw: Version: 0.3-a-155-g5e7d8dd
     0 | D:1      | 0 ||| qw: Game counter: 879
     0 | D:1      | 0 ||| qw: Melee chars always use a shield: true
     0 | D:1      | 0 ||| qw: God list: Okawaru
     0 | D:1      | 0 ||| qw: Allow faded altars: false
     0 | D:1      | 0 ||| qw: Do Orc after clearing Dungeon:15 true
     0 | D:1      | 0 ||| qw: Do second Lair branch before Depths: true
     0 | D:1      | 0 ||| qw: Lair rune preference: random
     0 | D:1      | 0 ||| qw: Goals: Normal
     0 | D:1      | 0 ||| PLANNING D:1-11
   246 | D:1      | Found Aphuecuf's Assorted Antiques.
   255 | D:1      | 255 ||| BUYING fizzy grey potion (21 gold).
   255 | D:1      | Bought a fizzy grey potion for 21 gold pieces
   255 | D:1      | 255 ||| SHOPLISTING knobbly pearl ring (120 gold, have 40).
   255 | D:1      | 255 ||| BUYING scroll labelled JIOJU DAEMNA (24 gold).
   255 | D:1      | Bought a scroll labelled JIOJU DAEMNA for 24 gold pieces
   255 | D:1      | 255 ||| SHOPLISTING scroll labelled NELALI UREACI (24 gold,
                  | have 16).
   499 | D:1      | 499 ||| UPGRADING to +0 ring mail.
   509 | D:1      | 509 ||| DROPPING +0 leather armour.
   510 | D:1      | 510 ||| READING 3 scrolls labelled ONLYEM WATS.
   511 | D:1      | 511 ||| READING scroll labelled JIOJU DAEMNA.
   512 | D:1      | 512 ||| READING scroll labelled SIUROU AR PONO.
   513 | D:1      | 513 ||| DRINKING 3 fizzy grey potions.
   513 | D:1      | Gained mutation: You are frail. (-10% HP) [potion of
                  | mutation]
   514 | D:1      | 514 ||| DRINKING 2 potions of mutation.
   514 | D:1      | Lost mutation: You are frail. (-10% HP) [potion of
                  | mutation]
   514 | D:1      | Gained mutation: You have hidden genetic defects. [potion
                  | of mutation]
   514 | D:1      | Gained mutation: You are frail. (-10% HP) [potion of
                  | mutation]
   514 | D:1      | Gained mutation: Armour fits poorly on your strangely
                  | shaped body. [potion of mutation]
   515 | D:1      | 515 ||| DRINKING potion of mutation.
   515 | D:1      | Lost mutation: Armour fits poorly on your strangely shaped
                  | body. [potion of mutation]
   515 | D:1      | Lost mutation: You have hidden genetic defects. [potion of
                  | mutation]
   515 | D:1      | Lost mutation: You are frail. (-10% HP) [potion of
                  | mutation]
   515 | D:1      | Gained mutation: You are robust. (+10% HP) [potion of
                  | mutation]
   515 | D:1      | Gained mutation: Your muscles are strong. (Str +4, Int/Dex
                  | -1) [potion of mutation]
   515 | D:1      | Gained mutation: Your system is resistant to poisons.
                  | (rPois) [potion of mutation]
   515 | D:1      | Gained mutation: Your mind is acute. (Int +4, Str/Dex -1)
                  | [potion of mutation]
   526 | D:1      | 526 ||| DROPPING scroll of butterflies.
   527 | D:1      | 527 ||| DROPPING 2 scrolls of amnesia.
   556 | D:2      | Reached skill level 6 in Ranged Weapons
   556 | D:2      | Reached XP level 2. HP: 17/17 MP: 4/4
   575 | D:2      | Found a glowing silver altar of Zin.
   655 | D:2      | Noticed Jessica
   658 | D:2      | Killed Jessica
   659 | D:2      | Reached skill level 7 in Ranged Weapons
   659 | D:2      | Reached XP level 3. HP: 22/22 MP: 5/5
   934 | D:2      | 934 ||| UPGRADING to +0 helmet.
   939 | D:2      | 939 ||| READING scroll labelled SAT BAIVAL.
   942 | D:2      | 942 ||| READING scroll labelled JENOTTOUFO.
   942 | D:2      | 942 ||| ENCHANTING +0 helmet.
   943 | D:2      | 943 ||| READING scroll labelled NELALI UREACI.
   943 | D:2      | 943 ||| IDENTIFYING sedimented brown potion
   944 | D:2      | 944 ||| DRINKING 2 emerald potions.
   945 | D:2      | 945 ||| DROPPING potion of lignification.
   979 | D:3      | Noticed Sigmund
   981 | D:3      | 981 ||| FLEEEEING.
   982 | D:3      | 982 ||| FLEEEEING.
   983 | D:3      | 983 ||| FLEEEEING.
   988 | D:3      | 988 ||| DRINKING potion of curing.
   988 | D:3      | 988 ||| (to cure confusion)
   993 | D:3      | Killed Sigmund
   994 | D:3      | Reached skill level 9 in Ranged Weapons
   994 | D:3      | Reached XP level 4. HP: 26/27 MP: 6/6
   994 | D:3      | Reached XP level 5. HP: 30/31 MP: 7/7
  1063 | D:3      | Noticed Robin
  1080 | D:3      | Killed Robin
  1081 | D:3      | Reached XP level 6. HP: 22/38 MP: 8/8
  1082 | D:3      | HP: 7/38 [goblin/+0 club[Robin] (5)]
  1085 | D:3      | HP: 2/38 [ribbon worm (6)]
  1086 | D:3      | Slain by a ribbon worm

Levels and vault maps discovered:
D:1:      moated_graveyard_arrival, layout_loops_ring, serial_shops,
          nicolae_shop_crystal
D:2:      layout_rooms, basic_altar, uniq_jessica
D:3:      layout_rooms, uniq_terence, uniq_robin, uniq_sigmund

Skill      XL: |  1  2  3  4  5 |
---------------+----------------+-----
Ranged Weapons | 6 7 9 |  9.2
Fighting       | 2 |  2.1
Dodging        | |  2.7
Stealth        | |  1.2

Action                     |  1- 3 |  4- 6 || total
---------------------------+-------+-------++-------
   Fire: Shortbow          |    64 |    33 ||    97
    Use: Scroll            |     6 |       ||     6
         Potion            |     5 |       ||     5
 Armour: Leather armour    |     1 |       ||     1
         Ring mail         |    21 |    32 ||    53
  Dodge: Dodged            |    21 |    27 ||    48

Table legend:
 A = Non-vault XP
 B = Vault XP
 C = Vault XP percentage of total XP
 D = Non-vault monster count
 E = Vault monster count
 F = Vault count percentage of total count
                 A         B        C        D         E       F
            +---------+---------+-------+---------+---------+-------
      Total |     103 |     288 |  73.7 |      25 |       9 |  26.5
            +---------+---------+-------+---------+---------+-------
        D:1 |       8 |       0 |   0.0 |       5 |       0 |   0.0
        D:2 |      41 |      37 |  47.4 |      15 |       1 |   6.2
        D:3 |      54 |     251 |  82.3 |       5 |       8 |  61.5
            +---------+---------+-------+---------+---------+-------
